AoeStats
← Count Foxbat

Arabia

510290110Analyzed
1v1 RM · 1d ago on Sep 30, 2026· 28m 1s· 2 players
Game mode
Random Map
Map size
Tiny (2 player)
Population
200
Speed
Normal
Resources
Standard
Victory
Conquest
Starting age
Dark Age
Ending age
Imperial Age
RankedLock teamsTeams togetherTeam positionsShared explorationLock speedFull tech treeHidden civsTurbo modeCheats
Victory
Defeat
🇩🇪 Franks · Germany
766
+30
🇮🇹 Persians · Italy
764
-19
VictorMain
6:40 Loom
9:53 Feudal Age
10:35 Double-Bit Axe
15:01 Horse Collar
23:39 Castle Age
24:24 Bow Saw
27:06 Wheelbarrow
Count Foxbat
7:53 Loom
10:18 Feudal Age
15:23 Wheelbarrow
17:30 Scale Barding Armor
23:53 Castle Age
22:04 Double-Bit Axe
22:12 Gold Mining
24:58 Chain Barding Armor
24:46 Husbandry
Connection lost

Rejoining the realm…

Still unreachable

The connection could not be restored.

Session expired

The server has moved on; the page needs a fresh start.